 Dungeon Crawl Stone Soup version 0.30-a0-223-gcb0039aa0c (webtiles) character file.

Game seed: 4944417320733176826

384 timneilson the Shield-Bearer (level 6, -5/38 HPs)
             Began as a Gargoyle Fighter on Oct 9, 2022.
             Slain by Blork the orc
             ... wielding a +0 halberd
              (8 damage)
             ... on level 5 of the Dungeon.
             The game lasted 00:04:43 (3517 turns).

timneilson the Shield-Bearer (Gargoyle Fighter)     Turns: 3517, Time: 00:04:44

Health: -5/38      AC: 14    Str: 22    XL:     6   Next: 77%
Magic:  6/6        EV: 10    Int:  8    God:
Gold:   274        SH:  5    Dex: 15    Spells: 5/5 levels left

rFire   . . .      SeeInvis .    a - +1 long sword
rCold   . . .      Faith    .    c - +0 buckler
rNeg    + . .      Spirit   .    b - +0 scale mail
rPois   ∞          Reflect  .    e - +0 helmet
rElec   +          Harm     .    (no cloak)
rCorr   .          Rampage  .    g - +0 pair of gloves
Will    +....                    (no boots)
Stlth   ..........               (no amulet)
HPRegen 0.26/turn                p - +6 ring of dexterity
MPRegen 0.10/turn                q - ring of willpower

@: no status effects
A: sickness immunity, AC +4, negative energy resistance 1, electricity
resistance, torment resistance 1, petrification resistance
a: no special abilities


You were on level 5 of the Dungeon.
You visited 1 branch of the dungeon, and saw 5 of its levels.

You collected 274 gold pieces.

Inventory:

Hand Weapons
 a - a +1 long sword (weapon)
Armour
 b - a +0 scale mail (worn)
 c - a +0 buckler (worn)
 e - a +0 helmet (worn)
 g - a +0 pair of gloves (worn)
Jewellery
 h - a ring of resist corrosion
 p - a +6 ring of dexterity (left hand)
 q - a ring of willpower (right hand)
 t - a ring of protection from cold
Scrolls
 m - a scroll of poison
 r - a scroll of fog
 s - 4 scrolls of enchant weapon
Potions
 d - 3 potions of curing {unknown}
 f - a potion of cancellation
 i - 2 potions of flight
 j - a potion of degeneration {unknown}
 k - 3 potions of ambrosia
 l - a potion of heal wounds
 n - 3 potions of berserk rage {unknown}
 o - a potion of mutation {unknown}
 u - a potion of lignification {unknown}
 v - a potion of resistance {unknown}
 w - 2 potions of haste {unknown}


   Skills:
 + Level 4.1 Fighting
 * Level 3.5 Long Blades
 * Level 4.9 Armour
 + Level 1.4 Dodging
 * Level 5.0 Shields


You had 5 spell levels left.
You didn't know any spells.
Your spell library contained the following spells:

 Spells                   Type           Power      Damage    Failure   Level
 Summon Small Mammal      Summ           0%         N/A       80%         1
 Ensorcelled Hibernation  Hex/Ice        0%         N/A       91%         2
 Call Canine Familiar     Summ           0%         N/A       99%         3
 Gell's Gravitas          Tloc           0%         N/A       99%         3
 Lesser Beckoning         Tloc           0%         N/A       99%         3
 Spider Form              Tmut/Pois      0%         N/A       99%         3
 Summon Guardian Golem    Hex/Summ       0%         N/A       99%         3
 Teleport Other           Tloc           0%         N/A       99%         3
 Anguish                  Hex/Necr       0%         N/A       100%        4


Dungeon Overview and Level Annotations

Branches:
Dungeon (5/15)
 Temple: D:4-7

Altars:

Shops:
D:2 *

Annotations:
D:5 Blork the orc


Innate Abilities, Weirdness & Mutations

You are immune to sickness and miasma.
Your stone body is resilient. (AC +4)
You are immune to poison.
You resist negative energy. (rN+)
You are resistant to electric shocks. (rElec)
You are resistant to unholy torment.
You are immune to petrification.


Message History

You barely miss Blork the orc.
Blork the orc is moderately wounded.
Blork the orc casts a spell at you. The puff of flame hits you!
Blork the orc hits you with a +0 halberd.
You barely miss Blork the orc.
Blork the orc is moderately wounded.
Blork the orc hits you with a +0 halberd!
* * * LOW HITPOINT WARNING * * *
Blork the orc hits you but does no damage.
You slash Blork the orc!
Blork the orc is heavily wounded.
You block Blork the orc's attack. Blork the orc barely misses you.
You hit Blork the orc but do no damage.
Blork the orc is heavily wounded.
You block Blork the orc's attack.
Blork the orc points at you and mumbles some strange words.
The puff of flame hits you but does no damage.
You hit Blork the orc.
Blork the orc is severely wounded.
You block Blork the orc's attack.
Blork the orc hits you but does no damage.
You hit Blork the orc but do no damage.
Blork the orc is severely wounded.
You block Blork the orc's attack.
You slash Blork the orc!
Blork the orc is almost dead.
Blork the orc casts a cantrip, but nothing happens.
Blork the orc gestures at you while chanting.
The puff of frost hits you.
* * * LOW HITPOINT WARNING * * *
You barely miss Blork the orc.
Blork the orc is almost dead.
Blork the orc grins evilly.
Blork the orc barely misses you. You block Blork the orc's attack.
You hit Blork the orc.
Blork the orc is almost dead.
Blork the orc closely misses you.
Blork the orc hits you with a +0 halberd!
You die...

### ############
######.###
.$.........####......#..
......o@...'............
####.......####.####+#.#
#.......# #.# #....#
###.....# #.# #....#
#.....####+###....#
#.....##..).......#
#.....##..........#
#.....##..........#
#.....#..###......#


You could see Blork the orc (fast).

Vanquished Creatures
  A black bear (D:4)
  A hound (D:4)
  An orc priest (D:4)
  2 iguanas (D:5)
  3 orc wizards
  5 adders
  2 worms
  2 dart slugs (D:3)
  4 orcs
  3 bats
  7 endoplasms
  4 giant cockroaches
  3 goblins
  5 hobgoblins
  5 jackals
  3 quokkas
  A ball python (D:2)
  6 frilled lizards
  4 kobolds
  4 rats
66 creatures vanquished.

Notes
Turn   | Place    | Note
-------+----------+-------------------------------------------
     0 | D:1      | timneilson the Gargoyle Fighter began the quest for the
                  | Orb.
     0 | D:1      | Reached XP level 1. HP: 14/14 MP: 1/1
   160 | D:1      | Reached XP level 2. HP: 17/19 MP: 2/2
  1084 | D:2      | Found Foub's Assorted Antiques.
  1105 | D:2      | Reached XP level 3. HP: 23/23 MP: 3/3
  1662 | D:3      | Reached XP level 4. HP: 28/28 MP: 4/4
  1689 | D:3      | Identified the +4 mace of the Pariah {elec, Int+3 Dex-4}
  1709 | D:3      | Found a faded altar of an unknown god.
  1859 | D:3      | Reached skill level 4 in Shields
  2574 | D:4      | Reached XP level 5. HP: 33/33 MP: 5/5
  2713 | D:4      | Noticed a black bear
  2720 | D:4      | Killed a black bear
  2721 | D:4      | Reached skill level 1 in Dodging
  2721 | D:4      | Reached XP level 6. HP: 34/38 MP: 6/6
  3057 | D:5      | Entered Level 5 of the Dungeon
  3338 | D:5      | Identified the +3 leather armour of Ciod {rC+ Int+4}
  3401 | D:5      | Reached skill level 5 in Shields
  3497 | D:5      | Noticed Blork the orc
  3517 | D:5      | Slain by Blork the orc

Illustrated notes

Levels and vault maps discovered:
D:1:      dpeg_arrival_windows_large_door, layout_basic, chequers_arboretum
D:2:      layout_loops_cross, serial_shops, shop_fountains
D:3:      layout_basic, ebering_ecumenical_altar_abandoned
D:4:      wad_pebble_path, layout_basic
D:5:      layout_basic, nemelex_dance_club_becter, minmay_temple_entry_poolview,
          lightli_minifort, uniq_blork_the_orc

Skill      XL: |  1  2  3  4  5  6 |
---------------+-------------------+-----
Long Blades    | 2 3 |  3.5
Shields        | 4 5 |  5.0
Armour         | 4 |  4.9
Dodging        | 1 |  1.4
Fighting       | 4 |  4.1

Action                   |  1- 3 |  4- 6 || total
-------------------------+-------+-------++-------
Melee: Long sword        |   139 |   135 ||   274
  Use: Scroll            |     7 |     2 ||     9
       Potion            |     1 |     1 ||     2
Armor: Scale mail        |    91 |    73 ||   164
Dodge: Dodged            |    67 |    57 ||   124
Block: Buckler           |    27 |    33 ||    60

Table legend: (Time is in decaauts)
 A = Elapsed time spent in this place.
 B = Non-inter-level travel time spent in this place.
 C = Inter-level travel time spent in this place.
 D = Time resting spent in this place.
 E = Time spent auto-exploring this place.
 F = Levels seen in this place.
 G = Mean time per level.
                   A        B        C        D        E       F      G
               +--------+--------+--------+--------+--------+-----+--------+
         Total |   3597 |   3488 |    109 |      0 |   2787 |   5 |  719.4 |
       Dungeon |   3597 |   3488 |    109 |      0 |   2787 |   5 |  719.4 |
               +--------+--------+--------+--------+--------+-----+--------+

Top non-repeatable levels by time:
     D:1: 929 daAuts
     D:3: 777 daAuts
     D:2: 743 daAuts
     D:4: 671 daAuts
     D:5: 475 daAuts
